 Dungeon Crawl Stone Soup version 0.29.1-12-g30fa7ad0bf (webtiles) character file.

Game seed: 13614190436480983373

59 raph the Caller (level 3, -3/19 HPs)
             Began as a Deep Elf Summoner on Dec 22, 2022.
             Slain by a goblin
             ... wielding a +0 club
             ... led by Robin
              (5 damage)
             ... on level 2 of the Dungeon.
             The game lasted 00:03:26 (2660 turns).

raph the Caller (Deep Elf Summoner)                 Turns: 2660, Time: 00:03:26

Health: -3/19      AC:  2    Str:  5    XL:     3   Next: 78%
Magic:  4/10       EV: 12    Int: 21    God:
Gold:   97         SH:  0    Dex: 15    Spells: 1/10 levels left

rFire   . . .      SeeInvis .   h - +0 dagger
rCold   . . .      Faith    .   (no shield)
rNeg    . . .      Spirit   .   a - +0 robe
rPois   .          Reflect  .   (no helmet)
rElec   .          Harm     .   (no cloak)
rCorr   .          Rampage  .   (no gloves)
Will    .....                   (no boots)
Stlth   ++........              (no amulet)
HPRegen 0.06/turn               (no ring)
MPRegen 0.12/turn               (no ring)

@: no status effects
A: no striking features
a: no special abilities


You were on level 2 of the Dungeon.
You visited 1 branch of the dungeon, and saw 2 of its levels.

You collected 97 gold pieces.

Inventory:

Hand Weapons
 h - a +0 dagger (weapon)
Missiles
 e - 11 poisoned darts
Armour
 a - a +0 robe (worn)
Jewellery
 m - a ring of flight
Scrolls
 d - 4 scrolls of blinking
 k - a scroll of teleportation
Potions
 b - a potion of magic
 c - 2 potions of berserk rage {unknown}
 f - 2 potions of mutation {unknown}
 g - a potion of degeneration {unknown}
 i - a potion of ambrosia {unknown}
 j - 4 potions of heal wounds {unknown}
 l - a potion of haste {unknown}


   Skills:
 - Level 2.4 Dodging
 - Level 2.4 Stealth
 + Level 4.0 Spellcasting
 * Level 5.5 Summonings


You had one spell level left.
You knew the following spells:

 Your Spells              Type           Power      Damage    Failure   Level
a - Summon Small Mammal   Summ           100%       N/A       1%          1
b - Call Imp              Summ           27%        N/A       1%          2
c - Call Canine Familiar  Summ           27%        N/A       3%          3
d - Summon Guardian Gole  Hex/Summ       15%        N/A       12%         3

Your spell library contained the following spells:

 Spells                   Type           Power      Damage    Failure   Level
 Sublimation of Blood     Necr           4%         N/A       19%         2
 Wereblood                Tmut           4%         N/A       19%         2
 Summon Lightning Spire   Summ/Air       15%        N/A       36%         4
 Summon Hydra             Summ           13%        N/A       100%        7


Dungeon Overview and Level Annotations

Branches:
Dungeon (2/15)

Altars:


Message History

Your quokka bites Robin but does no damage.
The goblin barely misses your hound.
Your quokka bites Robin.
Your crimson imp blinks!
Your hound bites Robin but does no damage.
You miss the goblin. The goblin hits you with a +0 club.
Your hound barely misses Robin.
The goblin hits your hound with a +0 club.
Robin closely misses your hound.
Your quokka bites Robin. x2
The goblin hits your hound but does no damage.
Your crimson imp blinks!
You barely miss the goblin.
Your hound bites Robin.
Robin dies!
The goblin hits your hound with a +0 dagger.
The goblin hits you with a +0 club.
* * * LOW HITPOINT WARNING * * *
The goblin closely misses your hound.
Your crimson imp hits the goblin.
Your hound bites the goblin.
The goblin dies!
Your Spellcasting skill increases to level 4!
The goblin closely misses you.
Your crimson imp closely misses the goblin.
The goblin attacks as you move away! The goblin completely misses you.
What are your orders? t - Shout!
Orders for allies: a - Attack new target. r - Retreat! s - Stop attacking. g - Guard the area. f - Follow me.
Anything else - Cancel.
Gang up on whom?
Press: ? - help, Dir - move target, f - goblin
Aim: a goblin, wielding a +0 club (moderately wounded, strong, ally target) Attack!
A goblin comes into view. It is wielding a +0 dagger.
The goblin hits you with a +0 club.
* * * LOW HITPOINT WARNING * * *
Your quokka barely misses the goblin.
Your crimson imp closely misses the goblin.
Your crimson imp disappears in a puff of smoke!
The goblin hits you with a +0 club.
You die...

........#.###)..##...##...#
.#+######...#g.)##...##...# ....#
###.....#....##...# ....#
###..g..........### ##≈ ....#
#...#g...##.....###≈≈ ....#
#).r#............##≈≈ ....#
#.rh#)...........#≈≈≈ ....#
###g....#......P.≈≈≈≈ ....#
##@...####...~~~≈≈≈ ..).#####
#.####..)...≈≈≈≈P~ ........#
#####.......~..≈≈≈~~.P
........####.......~~.~~≈~P≈≈~~~.
.................~.~~~≈P≈≈≈≈PP...
~....~..~~..~~P~~~~.~≈≈≈≈≈~~~~...
#~~~.P≈≈≈~~~~.~~~~≈≈≈≈≈≈PP~P.....
≈≈≈P~~≈≈≈≈≈≈≈≈~~~≈≈≈≈≈≈≈~........
≈≈≈≈≈≈≈≈≈≈~~~~~~≈≈≈~~~P~~........


You could see 4 goblins, a friendly hound (summoned) and 2 friendly quokkas.

Vanquished Creatures
  A ball python (D:1)
  A bat (D:2)
  2 goblins (D:2)
  A hobgoblin (D:2)
5 creatures vanquished.

Vanquished Creatures (collateral kills)
  Robin (D:2)
  A worm (D:2)
  5 endoplasms (D:1)
  7 goblins
  6 hobgoblins
  2 jackals (D:1)
  2 quokkas (D:2)
  2 ball pythons (D:1)
  A bat (D:1)
  4 frilled lizards
  A kobold (D:1)
  3 rats (D:1)
35 creatures vanquished.

Vanquished Creatures (others)
  8 plants (D:2)
8 creatures vanquished.

Grand Total: 48 creatures vanquished

Notes
Turn   | Place    | Note
-------+----------+-------------------------------------------
     0 | D:1      | raph the Deep Elf Summoner began the quest for the Orb.
     0 | D:1      | Reached XP level 1. HP: 10/10 MP: 6/6
   321 | D:1      | Reached XP level 2. HP: 15/15 MP: 5/8
   327 | D:1      | Learned a level 2 spell: Call Imp
   497 | D:1      | Reached skill level 5 in Summonings
  1286 | D:2      | Reached XP level 3. HP: 19/19 MP: 6/10
  1290 | D:2      | Learned a level 3 spell: Call Canine Familiar
  1294 | D:2      | Learned a level 3 spell: Summon Guardian Golem
  1507 | D:2      | Found a faded altar of an unknown god.
  1588 | D:2      | Noticed Robin
  2656 | D:2      | Killed Robin
  2660 | D:2      | Slain by a goblin

Illustrated notes

Levels and vault maps discovered:
D:1:      ebering_hopf_link, layout_basic, serial_bayou_pond_e,
          minmay_splitting_lines
D:2:      layout_basic, hellmonk_ecumenical_altar_pennies_from_heaven,
          kennysheep_cross_room, chequers_big_river, minmay_strange_pillars,
          uniq_robin

Skill      XL: |  1  2  3 |
---------------+----------+-----
Summonings     | 5 |  5.5
Spellcasting   | 4 |  4.0
Dodging        | |  2.4
Stealth        | |  2.4

Action                   || total
-------------------------++-------
Melee: Unarmed           ||     8
       Dagger            ||    12
 Cast: Summon Small Mamm ||    35
       Call Imp          ||     9
       Call Canine Famil ||     3
  Use: Scroll            ||     3
Armor: Robe              ||     3
Dodge: Dodged            ||    21
